 Dungeon Crawl Stone Soup version 0.20-a0-1014-g171fa7a (webtiles) character file.

16326 Fuzzwah the Protected (level 12, -7/105 HPs)
             Began as a Minotaur Berserker on Apr 15, 2017.
             Was a High Priest of Trog.
             Mangled by a spiny frog (8 damage)
             ... on level 2 of the Lair of Beasts.
             The game lasted 00:40:56 (11571 turns).

Fuzzwah the Protected (Minotaur Berserker)         Turns: 11571, Time: 00:40:57

Health: -7/105     AC: 24    Str: 21    XL:     12   Next: 9%
Magic:  13/13      EV: 11    Int:  4    God:    Trog [*****.]
Gold:   353        SH:  0    Dex: 16    Spells: 11/11 levels left

rFire    . . .     SeeInvis .   C - +0 battleaxe
rCold    . . .     Gourm    .   (shield currently unavailable)
rNeg     . . .     Faith    +   v - +0 plate armour
rPois    .         Spirit   .   (helmet restricted)
rElec    .         Reflect  .   g - +2 cloak
rCorr    .         Harm     .   l - +0 pair of gloves
MR       .....                  L - +2 pair of boots {Stlth+}
Stlth    ..........             c - amulet of faith {Faith, !P}
Regen    0.3/turn               t - +6 ring of slaying
MPRegen  0.2/turn               M - ring of flight {+Fly, !d}

@: lethally poisoned (-7 -> -29), exhausted, slowed, very slow
A: retaliatory headbutt, horns 2
a: Berserk, Trog's Hand, Brothers in Arms, Burn Spellbooks, Renounce Religion,
Evoke Flight


You were on level 2 of the Lair of Beasts.
You worshipped Trog.
Trog was extremely pleased with you.
You were not hungry.

You visited 2 branches of the dungeon, and saw 12 of its levels.
You also visited: Sewer.

You collected 589 gold pieces.
You spent 236 gold pieces at shops.

Inventory:

Hand Weapons
 s - a +0 war axe
   (You found it on level 2 of the Lair of Beasts)
 C - a +0 battleaxe (weapon)
   (You took it off a wight on level 8 of the Dungeon)
Armour
 g - a +2 cloak (worn)
   (You found it on level 1 of the Dungeon)
 l - a +0 pair of gloves (worn)
   (You found it on level 4 of the Dungeon)
 v - a +0 plate armour (worn)
   (You took it off an orc warrior on level 6 of the Dungeon)
 L - a +2 pair of boots of stealth (worn)
   (You acquired it on level 8 of the Dungeon)
Jewellery
 c - an amulet of faith (around neck) {Faith, !P}
   (You found it on level 2 of the Lair of Beasts)
 t - a +6 ring of slaying (left hand)
   (You found it on level 2 of the Lair of Beasts)
 H - an uncursed amulet of the gourmand {Gourm, !d}
   (You found it on level 8 of the Dungeon)
 M - a ring of flight (right hand) {+Fly, !d}
   (You acquired it on level 8 of the Dungeon)
Wands
 n - a wand of digging (12/24)
   (You found it on level 2 of the Lair of Beasts)
 q - a wand of acid (7/15)
   (You found it on level 5 of the Dungeon)
 S - a wand of disintegration (7/24)
   (You took it off Maurice on level 10 of the Dungeon)
 W - a wand of iceblast (2/15)
   (You found it on level 10 of the Dungeon)
Scrolls
 f - a scroll of silence
 k - 2 scrolls of immolation {!r}
 r - a scroll of fog
 u - 5 scrolls of remove curse
 w - 3 scrolls of magic mapping {!r}
 z - 2 scrolls of fear
 A - 5 scrolls of teleportation
 B - a scroll of enchant weapon
 I - 3 scrolls of identify {@r1}
 N - a scroll of blinking {!r}
 P - a scroll of recharging
Potions
 b - 4 potions of curing
 d - 2 potions of haste
 e - 2 potions of lignification {!q}
 i - 5 potions of brilliance
 j - 2 potions of cancellation
 m - 5 potions of heal wounds
 o - a potion of resistance
 E - a potion of agility
 J - 2 potions of flight
 K - a potion of invisibility
Comestibles
 a - 2 bread rations {@e1}
 h - 10 fruits
 p - 8 meat rations {@e2}


   Skills:
 + Level 9.4 Fighting
   Level 3.7 Short Blades
 * Level 11.4(11.5) Axes
   Level 2.2(7.7) Maces & Flails
 + Level 5.9 Throwing
 * Level 12.2 Armour
 + Level 8.6 Dodging
 + Level 4.1 Stealth
   Level 2.2 Shields
 + Level 3.8 Evocations


You had 11 spell levels left.
You didn't know any spells.

Dungeon Overview and Level Annotations

Branches:
Dungeon (10/15)            Temple (0/1) D:7            Lair (2/6) D:10
  Swamp (0/4) Lair:2
  Snake: Lair:2-4    Spider: Lair:2-4       Orc: D:9-12

Altars:
Ashenzari
Elyvilon
Gozag
Trog
Uskayaw
Zin

Shops:
D:4 !   D:5 ?   D:8 :?*?

Annotations:
Lair:2 chequers's ghost, journeyman GnWn


Innate Abilities, Weirdness & Mutations

You reflexively headbutt those who attack you in melee.
You have a pair of horns on your head.


Message History

The wolf bites you but does no damage. The wolf barely misses you.
The wolf bites you but does no damage.
Health restored: 105 You slash the wolf!
You kill the wolf!
Trog accepts your kill.
No target in view!
Found a stone staircase leading down.
Found a staircase to the Swamp.
s - a war axe
t - a notched onyx ring Put on which piece of jewellery? (? for menu, Esc to quit)
t - a +6 ring of slaying (left hand) Chequers's ghost (journeyman Gnoll Wanderer) comes into view.
It is wielding a weapon of protection.
Chequers's ghost turns its malevolent gaze towards you.
A hippogriff and a spiny frog come into view.
The hippogriff screeches!
The spiny frog gives a loud, deep croak!
Chequers's ghost gestures wildly while chanting.
Chequers's ghost's wounds begin to heal before your eyes!
You hit the spiny frog. Your headbutt misses the spiny frog.
The spiny frog stings you but does no damage.
You hit the spiny frog. The spiny frog stings you!
You are poisoned.
The spiny frog poisons you!
Chequers's ghost hits you but does no damage.
You take 12 damage, and have 93/105 hp.
A red film seems to cover your vision as you go berserk!
You feel yourself moving faster!
You feel mighty!
You feel a lot more hungry.
You feel sick.
The spiny frog stings you but does no damage.
Chequers's ghost gestures at you while chanting.
You are confused.
The spiny frog barely misses you.
You now have 138/157 hp.
You bump into the rock wall.
You feel a strong urge to attack something.
You feel sick.
The spiny frog stings you but does no damage.
You take 2 damage, and have 136/157 hp.
You feel sick. Chequers's ghost closely misses you.
You take 1 damage, and have 135/157 hp.
You slice chequers's ghost!! You slice the spiny frog!!
You feel sick. The spiny frog stings you!
You are more poisoned.
The spiny frog poisons you! Chequers's ghost hits you!
You take 23 damage, and have 112/157 hp.
Your plate armour prevents you from hitting chequers's ghost.
You closely miss the spiny frog.
You feel sick. The spiny frog closely misses you. Chequers's ghost hits you!
You take 11 damage, and have 101/157 hp.
You're too confused to move!
You feel sick. The spiny frog stings you.
You are more poisoned.
The spiny frog poisons you!
You take 3 damage, and have 98/157 hp.
You barely miss chequers's ghost. You headbutt chequers's ghost!
You barely miss the spiny frog.
You feel very sick. Chequers's ghost completely misses you.
The spiny frog stings you but does no damage.
You take 3 damage, and have 95/157 hp.
You feel less confused.
You feel sick. Chequers's ghost casts a spell at you.
You are confused.
The spiny frog stings you but does no damage.
You take 1 damage, and have 94/157 hp.
You feel a strong urge to attack something.
You are no longer berserk.
You are exhausted.
You feel yourself slow down.
You feel sick.
You now have 62/105 hp.
You're too confused!
You bump into the rock wall.
You feel very sick. The spiny frog stings you!
Chequers's ghost hits you but does no damage.
The spiny frog stings you.
Chequers's ghost says, "Your head on a pike would complement this floor nicely."
Chequers's ghost hits you.
You take 26 damage, and have 36/105 hp.
MASSIVE DAMAGE!!
You bump into the rock wall.
You feel very sick.
The spiny frog stings you but does no damage.
Chequers's ghost hits you.
The spiny frog stings you but does no damage.
You take 4 damage, and have 32/105 hp.
You miss chequers's ghost. Your headbutt misses chequers's ghost.
You hit the spiny frog.
You feel less confused.
You feel very sick. Chequers's ghost hits you!!
* * * LOW HITPOINT WARNING * * *
The spiny frog stings you!
* * * LOW HITPOINT WARNING * * *
The spiny frog stings you!
You die...

.............#.#
P..#..#..##....#...?..
.#.#.........#..#....
.....................#
.##.#........#........#
.#.♣.#............ ..P
#.....#.......##H# #.##
♣♣.<.♣###P....##F####..###
......#.....P##.@.##...#.#######
##..............W..............#
###'###....##.P................#
#.....##.>.P##.................##
...♣....#...##...##.............#
........##.###...##...##P#...####
♣..>..♣..#####..##....#####...##.
.......(..##...##.P...## #P......
...♣.......##....................


You could see a hippogriff, a spiny frog and chequers's ghost.

Vanquished Creatures
  Snorg (D:10)
  A hydra (Lair:2)
  3 two-headed ogres
  Pikel (D:7)
  Joseph (D:10)
  Maurice (D:10)
  A black mamba (Lair:2)
  5 spiny frogs
  3 komodo dragons
  A hornet (D:7)
  Grinder (D:3)
  6 hippogriffs
  A wyvern (D:9)
  Sigmund (D:4)
  10 yaks
  Duvessa (D:6)
  5 porcupines
  4 water moccasins
  An ice beast (D:8)
  3 orc warriors
  An eye of draining (D:10)
  A slave (D:7)
  3 ogres
  A wolf (Lair:2)
  3 crocodiles
  4 centaurs
  8 big kobolds
  Blork the orc (D:4)
  5 bullfrogs
  2 gnoll sergeants
  A scorpion (D:4)
  Dowan (D:6)
  9 wights
  11 killer bees
  2 howler monkeys
  3 crimson imps
  A bullfrog zombie (D:5)
  2 centaur skeletons
  A centaur zombie (D:7)
  3 orc priests
  3 hounds
  3 jellies
  Jessica (D:2)
  Natasha (D:2)
  4 iguanas
  2 worker ants
  6 orc wizards
  4 hound zombies
  2 hound skeletons
  Robin (D:4)
  6 gnolls
  17 adders
  2 river rats (Sewer)
  A shadow imp (D:6)
  5 oozes (Sewer)
  An adder zombie (D:7)
  8 worms
  2 dart slugs
  6 leopard geckos
  27 orcs
  3 ball pythons (Sewer)
  6 giant cockroaches
  15 goblins
  9 hobgoblins
  38 kobolds
  6 quokkas
  8 bats
  3 frilled lizards
  2 jackal skeletons
  A quokka skeleton (D:9)
  A quokka zombie (D:6)
  16 rats
  5 plants
329 creatures vanquished.

Vanquished Creatures (others)
  A fungus (Lair:1)
  6 plants
7 creatures vanquished.

Grand Total: 336 creatures vanquished

Notes
Turn   | Place    | Note
-------+----------+-------------------------------------------
     0 | D:1      | Fuzzwah the Minotaur Berserker began the quest for the Orb.
     0 | D:1      | Reached XP level 1. HP: 19/19 MP: 0/0
   356 | D:1      | Reached XP level 2. HP: 26/27 MP: 1/1
   549 | D:1      | Reached skill level 4 in Fighting
   555 | D:1      | Reached skill level 4 in Axes
   562 | D:1      | Reached ** piety under Trog
   890 | D:2      | Reached XP level 3. HP: 32/33 MP: 2/2
   897 | D:2      | Reached skill level 3 in Armour
  1024 | D:2      | Reached skill level 3 in Dodging
  1090 | D:2      | Noticed Jessica
  1093 | D:2      | Killed Jessica
  1093 | D:2      | Reached XP level 4. HP: 40/40 MP: 3/3
  1186 | D:2      | Noticed Natasha
  1194 | D:2      | Killed Natasha
  1224 | D:2      | Found a hide-covered altar of Uskayaw.
  1224 | D:2      | Found a shattered altar of Ashenzari.
  1225 | D:2      | Found a white marble altar of Elyvilon.
  1477 | D:2      | Reached XP level 5. HP: 40/47 MP: 4/4
  1834 | D:3      | Reached *** piety under Trog
  1834 | D:3      | Reached skill level 5 in Axes
  2144 | D:3      | Reached skill level 4 in Armour
  2234 | D:3      | Noticed Grinder
  2234 | D:3      | Paralysed by Grinder for 2 turns
  2239 | D:3      | Paralysed by Grinder for 4 turns
  2252 | D:3      | Killed Grinder
  2252 | D:3      | Reached skill level 5 in Fighting
  2252 | D:3      | Reached skill level 5 in Armour
  2252 | D:3      | Reached skill level 4 in Dodging
  2252 | D:3      | Reached XP level 6. HP: 43/56 MP: 5/5
  2594 | D:4      | Noticed Robin
  2631 | D:4      | Killed Robin
  2631 | D:4      | Reached skill level 6 in Axes
  2686 | D:4      | Reached XP level 7. HP: 59/61 MP: 6/6
  2777 | D:4      | Noticed Sigmund
  2798 | D:4      | Killed Sigmund
  2798 | D:4      | Reached skill level 1 in Throwing
  2798 | D:4      | Reached skill level 1 in Shields
  2915 | D:4      | Noticed Blork the orc
  2920 | D:4      | Reached **** piety under Trog
  2937 | D:4      | Killed Blork the orc
  2938 | D:4      | Reached skill level 6 in Armour
  2941 | D:4      | Reached skill level 2 in Shields
  3232 | D:4      | Found Uloum's Distillery.
  3235 | D:4      | Bought a potion of curing for 36 gold pieces
  3365 | D:5      | Entered Level 5 of the Dungeon
  3490 | D:5      | Found a glowing silver altar of Zin.
  3524 | D:5      | Found Gapluserph's Magic Scroll Boutique.
  3532 | D:5      | Bought a scroll of identify for 26 gold pieces
  3619 | D:5      | Reached XP level 8. HP: 65/70 MP: 7/7
  3690 | D:5      | Reached skill level 7 in Axes
  4339 | D:6      | Reached skill level 5 in Dodging
  4352 | D:6      | Reached skill level 6 in Fighting
  4352 | D:6      | Reached skill level 7 in Armour
  4477 | D:6      | Noticed Dowan
  4503 | D:6      | Killed Dowan
  4529 | D:6      | Reached skill level 8 in Axes
  4535 | D:6      | Noticed Duvessa
  4542 | D:6      | Killed Duvessa
  4555 | D:6      | Reached ***** piety under Trog
  4711 | D:6      | Found a glowing drain.
  4731 | Sewer    | Entered a sewer
  4962 | Sewer    | Reached skill level 8 in Armour
  4962 | Sewer    | Reached XP level 9. HP: 78/78 MP: 8/8
  5087 | Sewer    | Received a gift from Trog
  5324 | Sewer    | Reached skill level 9 in Axes
  5621 | D:7      | Got a faintly glowing rapier
  5622 | D:7      | Identified the +11 rapier of Chaos {pierce, *Corrode +Rage rC+++ rN+} (You found it on level 7 of the Dungeon)
  5638 | D:7      | Reached skill level 7 in Fighting
  5638 | D:7      | Reached skill level 1 in Short Blades
  5638 | D:7      | Reached skill level 2 in Throwing
  5638 | D:7      | Reached skill level 6 in Dodging
  5750 | D:7      | Found an opulent altar of Gozag.
  5788 | D:7      | Found a staircase to the Ecumenical Temple.
  5810 | D:7      | Noticed Pikel
  5821 | D:7      | Killed Pikel
  5821 | D:7      | Reached skill level 3 in Short Blades
  5821 | D:7      | Reached skill level 9 in Armour
  6298 | D:7      | Reached skill level 3 in Throwing
  6521 | D:8      | Found Uguxzewn's Magic Scroll Shop.
  6535 | D:8      | Bought a scroll of identify for 30 gold pieces
  6535 | D:8      | Bought a scroll of identify for 30 gold pieces
  6535 | D:8      | Bought a scroll of identify for 30 gold pieces
  6602 | D:8      | Reached skill level 1 in Maces & Flails
  6624 | D:8      | Reached XP level 10. HP: 77/86 MP: 9/9
  6651 | D:8      | Found Asull's Magic Scroll Shop.
  6659 | D:8      | Bought a scroll of identify for 28 gold pieces
  6659 | D:8      | Bought a scroll of identify for 28 gold pieces
  6659 | D:8      | Bought a scroll of identify for 28 gold pieces
  6740 | D:8      | Found Ydwi's Assorted Antiques.
  6780 | D:8      | Reached skill level 2 in Maces & Flails
  6808 | D:8      | Reached skill level 10 in Armour
  6819 | D:8      | Found a bloodstained altar of Trog.
  6872 | D:8      | Found Toriff's Book Emporium.
  6873 | D:8      | Identified 2 scrolls of acquirement
  7453 | D:9      | Reached skill level 7 in Dodging
  7544 | D:9      | Noticed a two-headed ogre
  7550 | D:9      | HP: 20/88 [two-headed ogre/giant spiked club (8)]
  7553 | D:9      | Killed a two-headed ogre
  7553 | D:9      | Reached skill level 1 in Stealth
  7553 | D:9      | Reached skill level 1 in Evocations
  8194 | D:9      | Noticed a two-headed ogre
  8201 | D:9      | Killed a two-headed ogre
  8201 | D:9      | Reached skill level 8 in Fighting
  8201 | D:9      | Reached skill level 4 in Throwing
  8201 | D:9      | Reached skill level 2 in Stealth
  8326 | D:9      | Received a gift from Trog
  8327 | D:9      | Reached skill level 10 in Axes
  8327 | D:9      | Reached skill level 2 in Evocations
  8334 | D:9      | HP: 32/132 [poisoned by an orc wizard]
  8646 | D:10     | Entered Level 10 of the Dungeon
  8772 | D:10     | Noticed Snorg
  8781 | D:10     | Killed Snorg
  8781 | D:10     | Reached skill level 11 in Armour
  8781 | D:10     | Reached XP level 11. HP: 86/95 MP: 11/11
  9101 | D:10     | Noticed Maurice
  9118 | D:10     | Killed Maurice
  9258 | D:10     | Noticed a two-headed ogre
  9283 | D:10     | Killed a two-headed ogre
  9342 | D:10     | Reached skill level 3 in Evocations
  9409 | D:10     | Reached skill level 3 in Stealth
  9537 | D:10     | Found a staircase to the Lair.
  9833 | D:10     | Noticed Joseph
  9842 | D:10     | Killed Joseph
  9842 | D:10     | Reached skill level 5 in Throwing
 10001 | Lair:1   | Entered Level 1 of the Lair of Beasts
 10005 | Lair:1   | Reached skill level 8 in Dodging
 10419 | Lair:1   | Reached skill level 11 in Axes
 11026 | Lair:1   | Reached skill level 9 in Fighting
 11235 | Lair:2   | Noticed a four-headed hydra
 11246 | Lair:2   | Killed a ten-headed hydra
 11246 | Lair:2   | Reached skill level 12 in Armour
 11374 | Lair:2   | Received a gift from Trog
 11390 | Lair:2   | Reached XP level 12. HP: 88/104 MP: 13/13
 11396 | Lair:2   | Reached skill level 4 in Stealth
 11542 | Lair:2   | Found a staircase to the Swamp.
 11555 | Lair:2   | Noticed chequers's ghost (journeyman GnWn)
 11571 | Lair:2   | HP: 10/105 [chequers's ghost (18)]
 11571 | Lair:2   | HP: 1/105 [spiny frog (9)]
 11571 | Lair:2   | Mangled by a spiny frog

Vault maps used:
D:1:      minmay_arrival_four_houses, lexackson_kobold_supper
D:2:      gammafunk_temple_overflow_claw, first_bread, uniq_jessica,
          uniq_natasha
D:3:      uniq_grinder
D:4:      serial_shops, nicolae_shop_behind_doors, minmay_misc_feat_ornament,
          uniq_sigmund, uniq_robin, uniq_blork_the_orc
D:5:      kennysheep_kobold_camp, lemuel_crystal_altar, serial_shops,
          nicolae_shop_stone
D:6:      cheibrodos_sewer_entry_bend, uniq_duvessa
D:7:      grunt_gozag_breadcrumbs, minmay_temple_entry_glassed_door, uniq_pikel
D:8:      lemuel_doored_altar, serial_shops, nicolae_shop_waterfront,
          shop_scrolls, nicolae_shop_trees, shop
D:10:     david_lair_shrubbed, uniq_snorg, uniq_joseph, uniq_maurice
Lair:1:   st_stairs_3
Lair:2:   swamp_mist, minmay_lair_oklob_chamber, grunt_megastairs_3,
          lemuel_fruit_tree
Sewer:    sewer_co_tree

Skill      XL: |  1  2  3  4  5  6  7  8  9 10 11 12 |
---------------+-------------------------------------+-----
Fighting       | 4 5 6 7 8 9 |  9.4
Axes           | 4 5 6 8 9 10 11 | 11.4
Armour         | 3 5 6 8 9 11 12 | 12.2
Dodging        | 3 4 5 6 7 8 |  8.6
Throwing       | 1 3 4 5 |  5.9
Shields        | 2 |  2.2
Short Blades   | 3 |  3.7
Maces & Flails | 1 2 |  2.2
Stealth        | 2 3 4 |  4.1
Evocations     | 2 3 |  3.8

Action                   |  1- 3 |  4- 6 |  7- 9 | 10-12 || total
-------------------------+-------+-------+-------+-------++-------
Melee: Hand axe          |    90 |   154 |   424 |       ||   668
       Headbutt          |    15 |    24 |   111 |    86 ||   236
       Rapier            |       |       |    43 |       ||    43
       Dire flail        |       |       |    16 |       ||    16
       Battleaxe         |       |       |    13 |   329 ||   342
       Spear             |       |       |       |    24 ||    24
Throw: Tomahawk          |       |     4 |    25 |       ||    29
       Javelin           |       |       |    46 |    39 ||    85
Invok: Berserk           |     1 |     2 |     4 |     7 ||    14
  Use: Scroll            |       |     7 |     9 |    11 ||    27
       Potion            |       |       |     2 |     1 ||     3
  Eat: Chunk             |     1 |     4 |     5 |    21 ||    31
       Bread ration      |       |     1 |       |       ||     1
       Fruit             |       |       |    11 |       ||    11
       Meat ration       |       |       |     1 |       ||     1
Armor: Scale mail        |    33 |    71 |    43 |       ||   147
       Animal skin       |     1 |       |       |       ||     1
       Plate armour      |       |       |   143 |   258 ||   401
Dodge: Dodged            |    48 |    80 |   106 |   200 ||   434
Block: Shield            |       |    14 |   156 |       ||   170

Vault maps used:
D:1:      minmay_arrival_four_houses, lexackson_kobold_supper
D:2:      gammafunk_temple_overflow_claw, first_bread, uniq_jessica,
          uniq_natasha
D:3:      uniq_grinder
D:4:      serial_shops, nicolae_shop_behind_doors, minmay_misc_feat_ornament,
          uniq_sigmund, uniq_robin, uniq_blork_the_orc
D:5:      kennysheep_kobold_camp, lemuel_crystal_altar, serial_shops,
          nicolae_shop_stone
D:6:      cheibrodos_sewer_entry_bend, uniq_duvessa
D:7:      grunt_gozag_breadcrumbs, minmay_temple_entry_glassed_door, uniq_pikel
D:8:      lemuel_doored_altar, serial_shops, nicolae_shop_waterfront,
          shop_scrolls, nicolae_shop_trees, shop
D:10:     david_lair_shrubbed, uniq_snorg, uniq_joseph, uniq_maurice
Lair:1:   st_stairs_3
Lair:2:   swamp_mist, minmay_lair_oklob_chamber, grunt_megastairs_3,
          lemuel_fruit_tree
Sewer:    sewer_co_tree

Table legend:
 A = Turns spent in this place as a percentage of turns spent in the entire game.
 B = Non-inter-level travel turns spent in this place as a percentage of non-inter-level travel turns spent in the entire game.
 C = Inter-level travel turns spent in this place as a percentage of turns spent in this place.
 D = Turns resting spent in this place as a percentage of non-inter-level travel turns spent in this place.
 E = Turns spent auto-exploring this place as a percentage of non-inter-level travel turns spent in this place.
 F = Non-inter-level travel turns spent in this place divided by the number of levels of this place that you've seen.
                   A       B       C       D       E      F
               +-------+-------+-------+-------+-------+----------------------
         Total | 100.0 | 100.0 |   0.6 |   2.0 |  13.8 | 196.5
       Dungeon |  78.8 |  78.7 |   0.6 |   2.3 |  14.6 | 201.2
          Lair |  11.3 |  11.3 |   1.0 |   1.0 |  13.2 | 144.0
         Sewer |   9.9 |  10.0 |   0.0 |   0.0 |   8.6 | 255.0
               +-------+-------+-------+-------+-------+----------------------

Table legend:
 A = Kills in this place as a percentage of kills in entire the game.
 B = Kills by you in this place as a percentage of kills by you in the entire game.
 C = Kills by friends in this place as a percentage of kills by friends in the entire game.
 D = Other kills in this place as a percentage of other kills in the entire game.
 E = Experience gained in this place as a percentage of experience gained in the entire game.
 F = Experience gained in this place divided by the number of levels of this place that you have seen.
                   A       B       C       D       E      F
               +-------+-------+-------+-------+-------+----------------------
         Total | 100.0 | 100.0 |  -nan |  -nan | 100.0 | 1794.1
       Dungeon |  81.4 |  81.4 |  -nan |  -nan |  63.7 | 1484.7
          Lair |   9.9 |   9.9 |  -nan |  -nan |  33.3 | 3882.5
         Sewer |   8.7 |   8.7 |  -nan |  -nan |   3.0 | 711.0
               +-------+-------+-------+-------+-------+----------------------
